[Event "Titled Tuesday Blitz December 13 Early 2022"]
[White "Orozbaev, Eldiar"]
[Black "Manukyan, Sargis A."]
[WhiteFideId "13802240"]
[BlackFideId "13303970"]
[WhiteElo "2154"]
[BlackElo "2187"]
[Result "1/2-1/2"]
[Round "02"]
[TimeControl "180+1"]
[Date "2022.12.14"]
[WhiteClock "0:00:06"]
[BlackClock "0:00:08"]

1. e4 c5 2. c3 d5 3. exd5 Qxd5 4. Nf3 Nf6 5. d4 Bg4 6. Be2 e6 7. h3 Bh5 8. O-O Be7 9. Be3 cxd4 10. Nxd4 Bxe2 11. Qxe2 Nc6 12. Nb5 Qe5 13. f4 Qb8 14. f5 e5 15. Nd2 O-O 16. g4 Nd5 17. g5 Nxe3 18. Qxe3 a6 19. Na3 Bxa3 20. bxa3 Qa7 21. Qxa7 Nxa7 22. Ne4 Rfd8 23. Rad1 Rac8 24. Nd6 Rxc3 25. Nxb7 Rb8 26. Rd7 Rxa3 27. g6 hxg6 28. fxg6 Rg3+ 29. Kh2 Rxg6 30. Rfxf7 Nb5 31. h4 Rc8 32. h5 Rc2+ 33. Kh3 Rc3+ 34. Kh4 Rc4+ 35. Kh3 Rg5 36. Nd8 Nd4 37. Rde7 Nf5 38. Re8+ Kh7 39. Rxf5 Rxf5 40. Ne6 Rxh5+ 41. Kg3 Rf5 42. Re7 Rf6 43. Rxg7+ Kh6 44. Re7 Rc6 45. Nd8 Rc3+ 46. Kg2 Kg6 47. Rxe5 Rd6 48. Ne6 Rd2+ 49. Kf1 Rc1+ 50. Re1 Rxe1+ 51. Kxe1 Rxa2 52. Kd1 Kf5 53. Nc5 Ke5 54. Kc1 Kd5 55. Kb1 Ra5 56. Nd3 Rb5+ 57. Ka2 Kd4 58. Nc1 Kc3 59. Ne2+ Kd3 60. Nf4+ Kc2 61. Ka3 Kc3 62. Ne2+ Kc4 63. Nf4 Re5 64. Ka4 Kc5 65. Nd3+ Kd4 66. Nxe5 Kxe5 67. Ka5 Kd6 68. Kxa6 1/2-1/2


[Site "https://www.chess.com"]

[Event "Titled Tuesday Blitz December 13 Early 2022"]
[White "Ozen, Bahadir"]
[Black "Perera Alfonso, Rene Humberto"]
[WhiteFideId "6337058"]
[BlackFideId "3514722"]
[WhiteElo "2503"]
[BlackElo "2313"]
[Result "1-0"]
[Round "02"]
[TimeControl "180+1"]
[Date "2022.12.14"]
[WhiteClock "0:00:19"]
[BlackClock "0:00:30"]

1. g3 e5 2. Bg2 Nc6 3. d3 f5 4. a3 a5 5. c4 Nf6 6. Nc3 Bc5 7. e3 f4 8. Nge2 fxg3 9. Nxg3 O-O 10. Bd2 d6 11. h3 Be6 12. Nd5 Bxd5 13. cxd5 Ne7 14. b4 axb4 15. axb4 Rxa1 16. Qxa1 Bb6 17. Qa2 Qa8 18. Qb3 Qa1+ 19. Ke2 Qa8 20. h4 Kh8 21. Qc4 Qe8 22. h5 h6 23. Ne4 Nfxd5 24. Nxd6 cxd6 25. Bxd5 Qd7 26. Be6 Qd8 27. Rg1 d5 28. Qg4 g5 29. hxg6 Kg7 30. Bf7 Qd6 31. Rh1 Qf6 32. Qg2 Rh8 33. Rh2 h5 34. Bxd5 Rd8 35. Be4 h4 36. Qg4 Rh8 37. Bc3 Bc7 38. Qd7 Bb8 39. Rh3 Qg5 40. f4 Qg4+ 41. Qxg4 1-0


[Site "https://www.chess.com"]

[Event "Titled Tuesday Blitz December 13 Early 2022"]
[White "Papasimakopoulos, Alexandros"]
[Black "Balint, Vilmos"]
[WhiteFideId "4244125"]
[BlackFideId "718050"]
[WhiteElo "2384"]
[BlackElo "2183"]
[Result "1-0"]
[Round "02"]
[TimeControl "180+1"]
[Date "2022.12.14"]
[WhiteClock "0:02:34"]
[BlackClock "0:02:10"]

1. d4 Nf6 2. c4 e6 3. Nc3 Bb4 4. Qc2 b6 5. a3 Bxc3+ 6. Qxc3 Bb7 7. f3 d5 8. Bg5 Nbd7 9. e3 h6 10. Bh4 O-O 11. cxd5 exd5 12. Bd3 Re8 13. Ne2 Rxe3 14. Bxf6 Nxf6 15. Bh7+ Kxh7 16. Qxe3 Qd7 17. Qd3+ g6 18. O-O a5 19. Rfe1 Ba6 20. Qd2 Qd6 21. Qf4 Qxf4 22. Nxf4 Rd8 23. Re7 Rd7 24. Rxd7 Nxd7 25. Nxd5 1-0


[Site "https://www.chess.com"]

[Event "Titled Tuesday Blitz December 13 Early 2022"]
[White "Perez Ponsa, Federico"]
[Black "Djokic, Mihailo"]
[WhiteFideId "117927"]
[BlackFideId "976440"]
[WhiteElo "2592"]
[BlackElo "2294"]
[Result "1-0"]
[Round "02"]
[TimeControl "180+1"]
[Date "2022.12.14"]
[WhiteClock "0:00:05"]
[BlackClock "0:00:04"]

1. e4 c5 2. Nf3 d6 3. c3 Nf6 4. Be2 e6 5. O-O Be7 6. Re1 O-O 7. Bf1 Nc6 8. d4 cxd4 9. cxd4 d5 10. e5 Ne4 11. Nbd2 Nxd2 12. Bxd2 Bb4 13. Bd3 h6 14. Re3 Qb6 15. Bxb4 Qxb4 16. Bc2 Ne7 17. Rb3 Qa5 18. Qd3 g6 19. h4 b6 20. h5 Ba6 21. Qe3 Kg7 22. Ra3 Qb5 23. Rb3 Qe2 24. Qf4 Qxc2 25. Qf6+ Kg8 26. Qxe7 Bc4 27. Re3 Qxb2 28. Rae1 Qc2 29. Nh4 g5 30. Rg3 Rae8 31. Qf6 Kh7 32. f4 Qd2 33. Ree3 Qd1+ 34. Kh2 Qxh5 35. fxg5 Rg8 36. g6+ fxg6 37. Qf7+ Rg7 38. Qxe8 Qxh4+ 39. Rh3 Qf4+ 40. Reg3 Bd3 41. Qd8 Bf5 42. Rh4 Qd2 43. Qf6 b5 44. Rb3 a6 45. Ra3 a5 46. Rb3 b4 47. Rf3 Be4 48. Rg3 Bf5 49. Rf3 a4 50. Rff4 b3 51. Rxh6+ Kxh6 52. Qh4# 1-0


[Site "https://www.chess.com"]

[Event "Titled Tuesday Blitz December 13 Early 2022"]
[White "Perez Rodriguez, Jennifer"]
[Black "Winkels, Marcel"]
[WhiteFideId "3507831"]
[BlackFideId "1003887"]
[WhiteElo "2170"]
[BlackElo "1900"]
[Result "1-0"]
[Round "02"]
[TimeControl "180+1"]
[Date "2022.12.14"]
[WhiteClock "0:00:35"]
[BlackClock "0:00:01"]

1. e4 c5 2. c3 d5 3. exd5 Qxd5 4. d4 g6 5. Nf3 Bg7 6. Be3 cxd4 7. cxd4 Nf6 8. Nc3 Qd8 9. h3 O-O 10. Bc4 Nc6 11. O-O Bf5 12. a4 Rc8 13. Be2 Nd5 14. Rc1 Nxc3 15. bxc3 e5 16. d5 Ne7 17. c4 a6 18. Qb3 Qd7 19. Rfd1 Rfd8 20. Bb6 Re8 21. c5 e4 22. Nd4 Bxh3 23. Qxh3 Qxd5 24. Bc4 Qg5 25. c6 Nxc6 26. Nxc6 Rxc6 27. Be3 Qf6 28. Rd7 Rf8 29. Rxb7 h5 30. Qd7 Rfc8 31. Bxf7+ Kh7 32. Rxc6 Rc7 33. Rcxc7 1-0


[Site "https://www.chess.com"]

[Event "Titled Tuesday Blitz December 13 Early 2022"]
[White "Petrovic, Aleksa"]
[Black "Milikow, Yoav"]
[WhiteFideId "967629"]
[BlackFideId "2822237"]
[WhiteElo "2230"]
[BlackElo "2416"]
[Result "1-0"]
[Round "02"]
[TimeControl "180+1"]
[Date "2022.12.14"]
[WhiteClock "0:00:04"]
[BlackClock "0:00:07"]

1. d4 Nf6 2. c4 e6 3. Nf3 d5 4. Nc3 Bb4 5. Qb3 c5 6. dxc5 Nc6 7. Bg5 Qa5 8. Bxf6 dxc4 9. Qxc4 gxf6 10. Rc1 Qxc5 11. Qh4 Ke7 12. g3 Bxc3+ 13. bxc3 h5 14. Bg2 Bd7 15. O-O Rag8 16. h3 b6 17. Rfd1 Na5 18. Rd4 Bc6 19. Rcd1 Bd5 20. Nd2 Nc6 21. Nb3 Qxc3 22. Rc1 Qb2 23. Rxd5 exd5 24. Rxc6 a5 25. Bxd5 Rc8 26. Rxb6 Rhd8 27. Qe4+ Qe5 28. Rb7+ Kd6 29. Qxe5+ fxe5 30. e4 a4 31. Na5 f5 32. Rb4 fxe4 33. Bxe4 Kc5 34. Rb2 Rd4 35. Bf3 Rf8 36. Nb7+ Kc4 37. Kg2 h4 38. Re2 Rd7 39. Na5+ Kb4 40. Nc6+ Ka3 41. Nxe5 Rg7 42. g4 Rc8 43. Nc6 Rgc7 44. Nd4 Rc4 45. Nb5+ Kb4 46. Nd6 Rc2 47. Nxc8 Rxc8 48. Be4 Re8 49. Bf3 Rd8 50. g5 Ka3 51. g6 Rd6 52. Be4 Rd7 53. f4 Rd2 54. Rxd2 1-0


[Site "https://www.chess.com"]

[Event "Titled Tuesday Blitz December 13 Early 2022"]
[White "Pham, Khoi"]
[Black "Sovetbekova, Nurai"]
[WhiteFideId "1054988"]
[BlackFideId "13801910"]
[WhiteElo "2521"]
[BlackElo "1925"]
[Result "1-0"]
[Round "02"]
[TimeControl "180+1"]
[Date "2022.12.14"]
[WhiteClock "0:01:47"]
[BlackClock "0:01:23"]

1. d4 Nf6 2. c4 g6 3. Nc3 d5 4. cxd5 Nxd5 5. e4 Nxc3 6. bxc3 Bg7 7. Bc4 c5 8. Ne2 O-O 9. O-O Nc6 10. Be3 Na5 11. Bd3 e5 12. dxe5 Bxe5 13. f4 Bg7 14. Bxc5 Re8 15. e5 Qc7 16. Bf2 Be6 17. Nd4 Bd5 18. Nb5 Qc6 19. Nd6 Red8 20. Bb5 Qxc3 21. Qxd5 Rf8 22. Rac1 Qb2 23. Rb1 Qa3 24. Bc5 Qc3 25. Rfc1 1-0


[Site "https://www.chess.com"]

[Event "Titled Tuesday Blitz December 13 Early 2022"]
[White "Piorun, Kacper"]
[Black "Colas, Joshua"]
[WhiteFideId "1130420"]
[BlackFideId "2044447"]
[WhiteElo "2883"]
[BlackElo "2577"]
[Result "1-0"]
[Round "02"]
[TimeControl "180+1"]
[Date "2022.12.14"]
[WhiteClock "0:00:36"]
[BlackClock "0:00:01"]

1. d4 d5 2. Bg5 Nd7 3. Nf3 Ngf6 4. e3 e6 5. Bd3 Be7 6. Nbd2 h6 7. Bh4 b6 8. c3 Bb7 9. Qe2 Ne4 10. Bxe7 Qxe7 11. a4 a6 12. O-O O-O 13. Rfc1 e5 14. Nb3 a5 15. c4 dxc4 16. Rxc4 Rac8 17. dxe5 Nxe5 18. Rxe4 Bxe4 19. Bxe4 c5 20. Nbd2 c4 21. Bf5 Rc5 22. Nd4 c3 23. bxc3 Rxc3 24. Ne4 Rc7 25. Nb5 Rc6 26. Rd1 g6 27. Bh3 Rd8 28. g3 f5 29. Nec3 Rxd1+ 30. Qxd1 Rc8 31. e4 Rd8 32. Nd5 Qf8 33. exf5 gxf5 34. Bg2 Ng6 35. h4 f4 36. Qg4 Kh7 37. Be4 Qe8 38. Nf6+ 1-0


[Site "https://www.chess.com"]

[Event "Titled Tuesday Blitz December 13 Early 2022"]
[White "Prieto Aranguren, Alain"]
[Black "Mortazavi, Ali"]
[WhiteFideId "2268906"]
[BlackFideId "401323"]
[WhiteElo "2209"]
[BlackElo "2339"]
[Result "0-1"]
[Round "02"]
[TimeControl "180+1"]
[Date "2022.12.14"]
[WhiteClock "0:00:01"]
[BlackClock "0:00:14"]

1. d4 Nf6 2. c4 g6 3. Nc3 Bg7 4. e4 O-O 5. Be2 d6 6. Nf3 Bg4 7. Ng1 Bc8 8. Nf3 c5 9. d5 b5 10. cxb5 a6 11. bxa6 Bxa6 12. O-O Nbd7 13. Bxa6 Rxa6 14. a4 Qa8 15. Qe2 Rb8 16. Ra3 Rb4 17. b3 Ne8 18. Nb5 c4 19. bxc4 Rbxa4 20. Rxa4 Rxa4 21. Be3 Qc8 22. Rc1 Nc5 23. Bxc5 Qxc5 24. Qd3 Bh6 25. Rb1 Rxc4 26. h3 Bf4 27. Nbd4 Nf6 28. g3 Rc3 29. Qe2 Bxg3 30. fxg3 Rxf3 31. Qxf3 Qxd4+ 32. Kg2 Nxe4 33. Re1 f5 34. Qe3 Qxd5 35. Qf3 Kf7 36. Re2 Nf6 37. Qxd5+ Nxd5 38. Ra2 h6 39. Kf3 e5 40. Ra7+ Ke6 41. Rh7 e4+ 42. Kf2 h5 43. Rg7 Kf6 44. Rd7 Ke5 45. Rg7 f4 46. gxf4+ Nxf4 0-1


[Site "https://www.chess.com"]

[Event "Titled Tuesday Blitz December 13 Early 2022"]
[White "Przybylski, Wojciech"]
[Black "Khoroshev, Nikita"]
[WhiteFideId "1117599"]
[BlackFideId "14200287"]
[WhiteElo "2217"]
[BlackElo "2354"]
[Result "1-0"]
[Round "02"]
[TimeControl "180+1"]
[Date "2022.12.14"]
[WhiteClock "0:00:05"]
[BlackClock "0:00:11"]

1. e4 e5 2. Nf3 Nc6 3. Bb5 a6 4. Ba4 Nf6 5. O-O b5 6. Bb3 Bb7 7. Re1 Bc5 8. c3 d6 9. d4 Bb6 10. h3 h6 11. a4 O-O 12. dxe5 Nxe5 13. a5 Ba7 14. Nbd2 Nd3 15. Re2 Nh5 16. Nf1 Nxc1 17. Qxc1 Qf6 18. N1h2 Ng3 19. Re1 Nxe4 20. Ng4 Qg6 21. Nh4 Qg5 22. Qxg5 hxg5 23. Nf5 Rfe8 24. Kh2 Nxf2 25. Ne7+ Kf8 26. Bd5 Nxg4+ 27. hxg4 Bxd5 28. Nxd5 Rxe1 29. Rxe1 Rc8 30. Re7 Bb8 31. Rd7 c6 32. Nb4 d5+ 33. Kg1 Bg3 34. Ra7 Re8 35. Nd3 Re3 36. Kf1 Rxd3 37. Ke2 Bf2 38. Ra8+ Ke7 39. Kxd3 Kd6 40. Rxa6 g6 41. Ra8 f5 42. a6 Kc7 43. Rg8 fxg4 44. Rxg6 Kb6 45. Rxg5 g3 46. Rg6 Kc7 47. Rg7+ Kb6 48. Rg6 Kc7 49. b4 Bb6 50. Rxg3 Bf2 51. Rg6 Kd7 52. Rg7+ 1-0


[Site "https://www.chess.com"]

[Event "Titled Tuesday Blitz December 13 Early 2022"]
[White "Putnam, Liam"]
[Black "Crevatin, Leo"]
[WhiteFideId "30938279"]
[BlackFideId "1726307"]
[WhiteElo "2082"]
[BlackElo "2190"]
[Result "1-0"]
[Round "02"]
[TimeControl "180+1"]
[Date "2022.12.14"]
[WhiteClock "0:00:19"]
[BlackClock "0:00:04"]

1. e4 c5 2. Nf3 d6 3. d4 cxd4 4. Nxd4 Nf6 5. Nc3 Nc6 6. Bg5 e6 7. Qd2 a6 8. O-O-O Bd7 9. f4 Be7 10. Nf3 b5 11. Bxf6 gxf6 12. f5 Qb6 13. Kb1 O-O-O 14. Bd3 Kb8 15. Rhe1 Ne5 16. Ne2 Rc8 17. Nf4 Rc7 18. Be2 Nxf3 19. Bxf3 Rhc8 20. Rc1 Bf8 21. Bg4 Bh6 22. fxe6 fxe6 23. Re2 e5 24. Nd5 Bxd2 25. Nxb6 Bxc1 26. Nxd7+ Rxd7 27. Bxd7 Rc7 28. Bxb5 Bxb2 29. Kxb2 axb5 30. Rf2 Rf7 31. g4 Rg7 32. h3 Rg6 33. Kb3 Kc7 34. Kb4 Kc6 35. c4 bxc4 36. Kxc4 h5 37. gxh5 Rg3 38. Rxf6 Rxh3 39. h6 Rh4 40. Kd3 Kc5 41. a4 Rh3+ 42. Ke2 Kd4 43. a5 Kxe4 44. a6 Rb3 45. h7 Rb8 46. a7 Ra8 47. Rg6 d5 48. Rg8 Rxa7 49. h8=Q Ra2+ 50. Kf1 d4 51. Rg4+ Ke3 52. Qh3+ 1-0


[Site "https://www.chess.com"]

[Event "Titled Tuesday Blitz December 13 Early 2022"]
[White "Rakhmanov, Aleksandr"]
[Black "Buchenau, Frank"]
[WhiteFideId "4173708"]
[BlackFideId "4604350"]
[WhiteElo "2530"]
[BlackElo "2157"]
[Result "1-0"]
[Round "02"]
[TimeControl "180+1"]
[Date "2022.12.14"]
[WhiteClock "0:00:51"]
[BlackClock "0:00:09"]

1. d4 e6 2. c4 Nf6 3. Nc3 Bb4 4. e3 O-O 5. Bd3 c5 6. Nf3 Bxc3+ 7. bxc3 d6 8. e4 Nc6 9. Bg5 h6 10. Bh4 e5 11. d5 Nb8 12. h3 Nbd7 13. Qd2 Re8 14. g4 Nf8 15. g5 hxg5 16. Bxg5 N8h7 17. Bh4 Bd7 18. Rg1 Kh8 19. Ng5 Qe7 20. Nxh7 Kxh7 21. O-O-O Rh8 22. Qg5 Qf8 23. f4 Re8 24. Rg3 Ng8 25. Rdg1 g6 26. Rf3 Qg7 27. fxe5 Rxe5 28. Qd8 f6 29. Bxf6 Nxf6 30. Qxf6 Qxf6 31. Rxf6 Bxh3 32. Rgxg6 Rf8 33. Rh6+ Kg7 34. Rxf8 Kxh6 35. Rh8+ 1-0


[Site "https://www.chess.com"]

[Event "Titled Tuesday Blitz December 13 Early 2022"]
[White "Redzisz, Michal"]
[Black "De Souza, Cristiano Gomes"]
[WhiteFideId "21816107"]
[BlackFideId "2151758"]
[WhiteElo "2136"]
[BlackElo "2068"]
[Result "0-1"]
[Round "02"]
[TimeControl "180+1"]
[Date "2022.12.14"]
[WhiteClock "0:00:11"]
[BlackClock "0:00:51"]

1. e4 c5 2. Nf3 d6 3. d4 cxd4 4. Nxd4 Nf6 5. Nc3 a6 6. h4 e5 7. Nb3 Be6 8. f4 exf4 9. Bxf4 Nc6 10. Qd2 Ne5 11. O-O-O h6 12. Nd5 Nxd5 13. exd5 Bf5 14. Kb1 Be7 15. Bxe5 dxe5 16. d6 Bf6 17. Bd3 Bxd3 18. Qxd3 O-O 19. Nc5 Ra7 20. Ne4 b5 21. g4 Bxh4 22. d7 Rc7 23. g5 hxg5 24. Nxg5 Qxg5 25. Rdg1 Qh6 26. Qd6 Qxd6 0-1


[Site "https://www.chess.com"]

[Event "Titled Tuesday Blitz December 13 Early 2022"]
[White "Rodriguez Fontecha, Marcos"]
[Black "Bashirli, Saadat"]
[WhiteFideId "2256576"]
[BlackFideId "13429990"]
[WhiteElo "2263"]
[BlackElo "1408"]
[Result "0-1"]
[Round "02"]
[TimeControl "180+1"]
[Date "2022.12.14"]
[WhiteClock "0:00:06"]
[BlackClock "0:00:04"]

1. d4 d5 2. Bf4 c5 3. e4 dxe4 4. d5 a6 5. Nc3 Nf6 6. Nge2 g6 7. Ng3 Bg7 8. a4 O-O 9. Bc4 Nbd7 10. O-O b6 11. Ngxe4 Nxe4 12. Nxe4 Bxb2 13. Rb1 Bg7 14. Re1 Nf6 15. d6 exd6 16. Nxd6 Bd7 17. Nb7 Qc8 18. Rxb6 Bxa4 19. Re7 Qf5 20. Bxf7+ Kh8 21. g3 Bxc2 22. Qc1 Nh5 23. Nd6 Qd3 24. Bc4 Qc3 25. Nf7+ Rxf7 26. Rxf7 Qxc4 27. Rfb7 Rf8 28. Rb8 Bd3 29. Rxf8+ Bxf8 30. Be5+ Kg8 31. Qe3 Ng7 32. Rb8 Nf5 33. Qd2 Qe4 34. Bf4 Qe2 35. Qxe2 Bxe2 36. Ra8 Kf7 37. h3 Be7 38. g4 Nd4 39. Be5 Nf3+ 40. Kg2 Nxe5 41. Kg3 Bf3 42. Rxa6 Bd5 43. Kf4 Nd3+ 44. Ke3 Nb4 45. Ra7 Be6 46. f4 Kf6 47. Ke4 Bd5+ 48. Ke3 Be6 49. Ke4 Nc6 50. f5 Nxa7 0-1


[Site "https://www.chess.com"]

[Event "Titled Tuesday Blitz December 13 Early 2022"]
[White "Rohith Krishna S"]
[Black "Bochnicka, Vladimir"]
[WhiteFideId "46617051"]
[BlackFideId "14943450"]
[WhiteElo "2270"]
[BlackElo "2239"]
[Result "1-0"]
[Round "02"]
[TimeControl "180+1"]
[Date "2022.12.14"]
[WhiteClock "0:01:59"]
[BlackClock "0:00:23"]

1. e4 c5 2. Nf3 Nc6 3. d4 cxd4 4. Nxd4 e5 5. Nb3 Nf6 6. Bd3 d5 7. exd5 Qxd5 8. O-O Bg4 9. f3 Be6 10. Nc3 Qd7 11. Bg5 Be7 12. Qe1 O-O 13. Rd1 Qc7 14. Qh4 h6 15. Bxh6 gxh6 16. Qxh6 Nd4 17. Nxd4 exd4 18. Ne4 Nd5 19. Ng5 Rfd8 20. Qh7+ Kf8 21. Qh8# 1-0


[Site "https://www.chess.com"]

[Event "Titled Tuesday Blitz December 13 Early 2022"]
[White "Roque Sola, Gisela"]
[Black "Hristodoulou, Panagiotis"]
[WhiteFideId "5120241"]
[BlackFideId "4214340"]
[WhiteElo "1961"]
[BlackElo "2272"]
[Result "1-0"]
[Round "02"]
[TimeControl "180+1"]
[Date "2022.12.14"]
[WhiteClock "0:00:30"]
[BlackClock "0:00:03"]

1. e4 e5 2. Nf3 Nc6 3. Bb5 g6 4. O-O Bg7 5. c3 a6 6. Ba4 Nge7 7. d4 exd4 8. cxd4 O-O 9. Be3 d6 10. h3 b5 11. Bc2 Bb7 12. Nc3 Na5 13. Qc1 Nc4 14. Bh6 c5 15. Bxg7 Kxg7 16. Rd1 cxd4 17. Nxd4 Rc8 18. Qf4 Nxb2 19. Nde2 Nxd1 20. Rxd1 b4 21. Rxd6 Qc7 22. Qf6+ Kg8 23. Nd1 Qxc2 24. Qxe7 Rc7 25. Qf6 Qxe2 26. Ne3 Bxe4 27. Ng4 Qe1+ 28. Kh2 Qd1 29. Nh6# 1-0


[Site "https://www.chess.com"]

[Event "Titled Tuesday Blitz December 13 Early 2022"]
[White "Rustemov, Alexander"]
[Black "Badelka, Olga"]
[WhiteFideId "4119002"]
[BlackFideId "13509926"]
[WhiteElo "2817"]
[BlackElo "2337"]
[Result "1/2-1/2"]
[Round "02"]
[TimeControl "180+1"]
[Date "2022.12.14"]
[WhiteClock "0:00:05"]
[BlackClock "0:00:06"]

1. d4 Nf6 2. c4 e6 3. Nf3 d5 4. Nc3 Nbd7 5. cxd5 exd5 6. Bg5 Be7 7. e3 h6 8. Bh4 O-O 9. Qc2 c6 10. Bd3 Re8 11. O-O Ne4 12. Bxe4 Bxh4 13. Bh7+ Kh8 14. Nxh4 Qxh4 15. Bd3 Qe7 16. Rae1 Nf6 17. f3 Bd7 18. Qf2 c5 19. dxc5 Qxc5 20. e4 Qxf2+ 21. Kxf2 dxe4 22. Nxe4 Nxe4+ 23. Bxe4 Rac8 24. Rc1 b6 25. Rfd1 Be6 26. a3 g5 27. Rxc8 Rxc8 28. Ke3 Kg7 29. g3 f5 30. Bd3 Kf6 31. f4 Rd8 32. Rc1 Rd7 33. Rc6 Ke7 34. b4 Rd6 35. Rc7+ Rd7 36. Rc3 Kf6 37. Rc6 Ke7 38. Bb5 g4 39. Rc1 Rd5 40. Bc6 Rd6 41. Bg2 Bd7 42. Rc7 a5 43. Bf1 axb4 44. axb4 Rd1 45. Bb5 Ke6 46. Bxd7+ Rxd7 47. Rxd7 Kxd7 48. Kd4 Kd6 49. Kc4 Kc6 50. b5+ Kd6 51. Kd4 Ke6 52. Kc4 Kd6 53. Kd4 Ke6 54. Kc4 Kd6 1/2-1/2


[Site "https://www.chess.com"]

[Event "Titled Tuesday Blitz December 13 Early 2022"]
[White "Sai Han Thiha"]
[Black "Levine, David"]
[WhiteFideId "13012290"]
[BlackFideId "2011611"]
[WhiteElo "1954"]
[BlackElo "2118"]
[Result "1-0"]
[Round "02"]
[TimeControl "180+1"]
[Date "2022.12.14"]
[WhiteClock "0:00:42"]
[BlackClock "0:00:58"]

1. d4 d5 2. c4 dxc4 3. e3 e5 4. Bxc4 exd4 5. exd4 Bd6 6. Nf3 Nf6 7. O-O O-O 8. h3 h6 9. Nc3 Nbd7 10. Qd3 Nb6 11. Bb3 Re8 12. Bxh6 c5 13. Qg6 Bf8 14. Bxf7+ Kh8 15. Bg5 Bd7 16. Ne4 Nbd5 17. Ne5 Be6 18. Bxe6 1-0


[Site "https://www.chess.com"]

[Event "Titled Tuesday Blitz December 13 Early 2022"]
[White "Sailer, Mike"]
[Black "D`Arruda, Ricardo D."]
[WhiteFideId "2012901"]
[BlackFideId "100692"]
[WhiteElo "2109"]
[BlackElo "2452"]
[Result "1/2-1/2"]
[Round "02"]
[TimeControl "180+1"]
[Date "2022.12.14"]
[WhiteClock "0:00:28"]
[BlackClock "0:00:44"]

1. Nf3 d5 2. c4 Nf6 3. g3 g6 4. Bg2 Bg7 5. O-O O-O 6. cxd5 Nxd5 7. d4 Nb6 8. Nc3 Nc6 9. e3 e5 10. dxe5 Nxe5 11. Nxe5 Bxe5 12. Qe2 c6 13. Rd1 Qe7 14. e4 Be6 15. Be3 Nc4 16. Rac1 Nxe3 17. Qxe3 b6 18. f4 Bg7 19. e5 Rac8 20. Ne4 Bxa2 21. Nd6 Rc7 22. b3 Qe6 23. Rd3 f6 24. Ra1 fxe5 25. Rxa2 Rd8 26. fxe5 Bxe5 27. Ne4 Re8 28. Rad2 c5 29. Kh1 Bd4 30. Rxd4 cxd4 31. Qxd4 Rc1+ 32. Rd1 Rxd1+ 33. Qxd1 Kg7 34. h3 Re7 35. Qd4+ Qe5 36. Qd8 Rc7 37. Kh2 h5 38. h4 Re7 39. Ng5 Qf6 40. Qd5 Re2 41. Qd7+ Qe7 42. Qd4+ Qe5 43. Qd7+ Qe7 44. Qd4+ Qe5 45. Qd7+ Qe7 1/2-1/2


[Site "https://www.chess.com"]

[Event "Titled Tuesday Blitz December 13 Early 2022"]
[White "Samunenkov, Ihor"]
[Black "Musovic, Armin"]
[WhiteFideId "14187086"]
[BlackFideId "939935"]
[WhiteElo "2442"]
[BlackElo "2288"]
[Result "1/2-1/2"]
[Round "02"]
[TimeControl "180+1"]
[Date "2022.12.14"]
[WhiteClock "0:00:14"]
[BlackClock "0:00:22"]

1. d4 d5 2. c4 c5 3. cxd5 Nf6 4. dxc5 e6 5. Nc3 Bxc5 6. Nf3 exd5 7. Bg5 d4 8. Nb1 O-O 9. g3 Re8 10. Bg2 Qa5+ 11. Nbd2 Ne4 12. O-O Nxg5 13. Nxg5 d3 14. Nc4 dxe2 15. Nxa5 exd1=Q 16. Raxd1 h6 17. Nxb7 Bf8 18. Nd6 Re2 19. Nxc8 Nc6 20. Bxc6 Rxc8 21. Bf3 Rxb2 22. Ne4 Rxa2 23. Rd7 a5 24. Bh5 g6 25. Bd1 Rb2 26. Ra7 Bb4 27. Nf6+ Kg7 28. Nd5 Bd2 29. Be2 h5 30. h4 Rc5 31. Bf3 Rb3 32. Bg2 Rbb5 33. Nf4 Bxf4 34. gxf4 Rf5 35. Ra1 Rxf4 36. R7xa5 Rxa5 37. Rxa5 Rxh4 38. Ra7 Rf4 39. Bd5 Rf5 40. Be4 Rf4 41. Bd5 Rf5 42. Bc4 Rf4 43. Rc7 Kf8 44. Kg2 g5 45. Kg3 h4+ 46. Kg2 f5 47. Bd5 Rg4+ 48. Kh3 Rf4 49. f3 Ke8 50. Rg7 Rd4 51. Bb3 Rd3 52. Ba2 Rxf3+ 53. Kg2 Rg3+ 54. Kf2 g4 55. Be6 Rf3+ 56. Kg2 h3+ 57. Kh2 Rf2+ 58. Kg1 Rg2+ 59. Kh1 Rf2 60. Kg1 Rf4 61. Rg5 g3 62. Bxf5 h2+ 63. Kg2 Rf2+ 64. Kxg3 h1=Q 65. Kxf2 Qh4+ 66. Rg3 Ke7 67. Kg2 Kf6 68. Bg4 Ke5 69. Bf3 Qh6 70. Rg4 Qd2+ 71. Kg3 Qe1+ 72. Kg2 Kf5 73. Re4 Qd2+ 74. Kg3 Qg5+ 75. Rg4 Qd8 76. Re4 Qd6+ 77. Kg2 Qd2+ 78. Kg3 Qb2 79. Rg4 Qe5+ 80. Kg2 Qb2+ 81. Kg3 Qa1 82. Rf4+ Kg5 83. Rg4+ Kf5 84. Rf4+ Ke5 85. Re4+ Kf6 86. Rf4+ Ke7 87. Re4+ Kd6 88. Kg2 Qb2+ 89. Kg3 Qg7+ 90. Rg4 Qe5+ 91. Kg2 Qa1 92. Re4 Kc5 93. Rg4 Qb2+ 94. Kg3 Qc1 95. Kg2 Qd2+ 96. Kg3 Qe1+ 97. Kg2 Kd6 98. Re4 Qc1 99. Rd4+ Kc5 100. Re4 Qd2+ 101. Kg3 Qc1 102. Kg2 Qg5+ 103. Rg4 Qf6 104. Re4 Qg7+ 105. Rg4 Qh8 106. Re4 Kd6 107. Rg4 Qh6 108. Re4 Kd7 109. Kg3 Qg5+ 110. Rg4 Qe5+ 111. Kg2 Qb2+ 112. Kg3 Kd6 113. Re4 Qg7+ 114. Rg4 Qf6 115. Re4 1/2-1/2


[Site "https://www.chess.com"]

[Event "Titled Tuesday Blitz December 13 Early 2022"]
[White "Sanchez, Robert"]
[Black "Agasarov, Benik"]
[WhiteFideId "2034360"]
[BlackFideId "13314823"]
[WhiteElo "2346"]
[BlackElo "2179"]
[Result "0-1"]
[Round "02"]
[TimeControl "180+1"]
[Date "2022.12.14"]
[WhiteClock "0:01:34"]
[BlackClock "0:01:08"]

1. Nf3 c5 2. e3 Nc6 3. c4 Nf6 4. Nc3 e6 5. b3 d5 6. Bb2 d4 7. Ne2 Nb4 8. Ng3 d3 9. Rc1 Nxa2 10. Ne5 Nxc1 11. Qxc1 Bd6 12. Nxd3 O-O 13. f4 b6 14. Be2 Bb7 15. O-O Ne4 16. Nxe4 Bxe4 17. Ne5 Bb7 18. Bf3 Bxf3 19. Rxf3 Bxe5 20. Bxe5 f6 21. Bc3 Qd3 22. Qe1 a5 23. e4 Qd7 24. Rh3 a4 25. bxa4 Rxa4 26. Qh4 h6 27. Rg3 Kh8 28. Rg6 Rxc4 29. h3 Rxe4 30. Rxh6+ gxh6 31. Qxh6+ Kg8 32. Qg6+ Qg7 33. Qxe4 Qf7 34. g4 b5 35. g5 fxg5 36. Qe5 Kh7 0-1


[Site "https://www.chess.com"]

[Event "Titled Tuesday Blitz December 13 Early 2022"]
[White "Sargissyan, Sargis"]
[Black "Kim, Sergey"]
[WhiteFideId "13303210"]
[BlackFideId "13700570"]
[WhiteElo "2109"]
[BlackElo "2599"]
[Result "1-0"]
[Round "02"]
[TimeControl "180+1"]
[Date "2022.12.14"]
[WhiteClock "0:00:24"]
[BlackClock "0:00:51"]

1. e4 e5 2. Nf3 Nc6 3. Bc4 Bc5 4. c3 Nf6 5. d3 d6 6. Nbd2 a6 7. Bb3 Ba7 8. Nf1 O-O 9. Ng3 Be6 10. Bc2 h6 11. O-O Re8 12. h3 d5 13. Qe2 d4 14. Nf5 Bxf5 15. exf5 Qd7 16. g4 Rad8 17. Nd2 e4 18. Nb3 dxc3 19. dxe4 Qd6 20. Qf3 cxb2 21. Bxb2 Nd4 22. Nxd4 Bxd4 23. Rad1 c5 24. h4 h5 25. gxh5 Qe5 26. Bxd4 Rxd4 27. Rxd4 cxd4 28. Re1 Rc8 29. Bb3 Rc3 30. Qg2 Nxh5 31. Qg5 Nf4 32. Kh1 Rh3+ 33. Kg1 Rc3 34. Qd8+ Kh7 35. Bxf7 Rc6 36. Qg8+ 1-0


[Site "https://www.chess.com"]

[Event "Titled Tuesday Blitz December 13 Early 2022"]
[White "Schut, Han"]
[Black "Fecker, Noah"]
[WhiteFideId "1005561"]
[BlackFideId "1334263"]
[WhiteElo "2024"]
[BlackElo "2291"]
[Result "1-0"]
[Round "02"]
[TimeControl "180+1"]
[Date "2022.12.14"]
[WhiteClock "0:00:19"]
[BlackClock "0:00:54"]

1. e4 e6 2. d4 b6 3. Bd3 Bb7 4. Qe2 Nf6 5. f4 d5 6. e5 Ne4 7. Nf3 c5 8. c3 Be7 9. O-O Nc6 10. Nbd2 Nxd2 11. Bxd2 Qd7 12. a3 c4 13. Bc2 Na5 14. Ng5 h6 15. Nxf7 Kxf7 16. Qh5+ Kg8 17. f5 Qe8 18. Qg4 h5 19. Qg3 h4 20. Qh3 Nb3 21. Bxb3 cxb3 22. f6 Bc8 23. f7+ Qxf7 24. Rxf7 Kxf7 25. Rf1+ Ke8 26. Qg4 g5 27. Bxg5 Ba6 28. Bxe7 Bxf1 29. Bf6 1-0


[Site "https://www.chess.com"]